 Dungeon Crawl Stone Soup version 0.16.1-5-gaa23807 (webtiles) character file.

305 Fluffy the Skirmisher (level 6, -1/40 HPs)
             Began as a Gargoyle Fighter on Mar 28, 2015.
             Slain by an ogre
             ... wielding a +0 giant club
              (21 damage)
             ... on level 4 of the Dungeon.
             The game lasted 00:08:28 (2988 turns).

Fluffy the Skirmisher (Gargoyle Fighter)            Turns: 2988, Time: 00:08:28

Health: -1/40      AC: 14    Str: 19    XL:     6   Next: 39%
Magic:  6/6        EV:  5    Int:  9    God:
Gold:   225        SH:  9    Dex: 11    Spells: 0 memorised, 5 levels left

rFire  x . .     SeeInvis .     j - +0 morningstar
rCold  + . .     Clarity  .     i - +0 chain mail
rNeg   + . .     SustAb   .     c - +0 shield
rPois  ∞         Gourm    .     (no helmet)
rElec  +         Spirit   .     (no cloak)
rCorr  .         Warding  .     (no gloves)
rMut   .         Stasis   .     (no boots)
MR     .....                    (no amulet)
Stlth  ..........               (no ring)
                                b - ring of ice

@: not resistant to hostile enchantments, extremely unstealthy
A: negative energy resistance 1, electricity resistance, unbreathing,
petrification resistance, rot immunity, AC +4
a: no special abilities


You were on level 4 of the Dungeon.
You were not hungry.

You visited 1 branch of the dungeon, and saw 4 of its levels.

You collected 225 gold pieces.

Inventory:

Hand weapons
 j - a +0 morningstar (weapon)
Armour
 c - a +0 shield (worn)
 i - a +0 chain mail (worn)
Jewellery
 b - a ring of ice (left hand)
Magical devices
 a - a wand of polymorph (10)
 o - a wand of polymorph (3)
Scrolls
 h - 5 scrolls of identify
 k - a scroll of recharging {unknown}
 p - a scroll of teleportation {unknown}
 r - a scroll of remove curse {unknown}
Potions
 e - 2 potions of might
 g - a potion of poison {unknown}
 m - a potion of berserk rage
 q - a potion of mutation
Comestibles
 d - 4 bread rations
 f - a beef jerky
 l - 2 meat rations
 n - a slice of pizza


   Skills:
 + Level 4.9 Fighting
 + Level 3.6 Maces & Flails
 + Level 4.8 Armour
 + Level 4.5 Shields


You had 5 spell levels left.
You didn't know any spells.

Dungeon Overview and Level Annotations

Branches:
Dungeon (4/15)
 Temple: D:4-7

Altars:
Gozag
Yredelemnul

Shops:
D:2 *

Annotations:
D:4 Fluffy's ghost, average GrFi


Innate Abilities, Weirdness & Mutations

You are resistant to torment.
You are immune to poison.
Your stone body is very resilient (AC +4).
You resist negative energy.
You are resistant to electric shocks.
You can survive without breathing.
You are immune to petrification.
You are immune to rotting.


Message History

The ogre shouts!
You hit the orc!
You kill the orc!
Things that are here:
a scorched dagger; a ring mail; 15 gold pieces You barely miss the ogre.
You block the ogre's attack.
You hit the ogre.
The ogre is lightly wounded.
You block the ogre's attack.
You hit the ogre.
The ogre is moderately wounded.
The ogre hits you with a giant club!
You barely miss the ogre.
The ogre is moderately wounded.
The ogre hits you with a giant club.
You hit the ogre!
The ogre is severely wounded.
The ogre hits you with a giant club!!
Ouch! That really hurt!
You die...

......#.# ## ..#....##. .###
##.#......##
...########..........## #
.#...........)........##.###
.#..##....).......).........W
....##..[...........<.#
.....................#.......
..)..........#..@O.....##...
.....#.............?..... .
........................
..##<.........####.......
..##.#........# #....$...
...#.#......... ....#...
...#.##...###.. ..#
#..#†#).#.# . .. #....#.##...


You could see an ogre.

Vanquished Creatures
  An ogre (D:3)
  An orc wizard (D:4)
  A worker ant (D:3)
  Ijyb (D:2)
  A hound skeleton (D:4)
  Robin (D:3)
  3 adders
  A worm (D:3)
  A giant mite (D:2)
  4 giant geckos
  An ooze (D:1)
  4 orcs
  8 bats
  2 giant cockroaches
  15 goblins
  11 hobgoblins
  2 jackals (D:1)
  A quokka (D:3)
  A ball python skeleton (D:4)
  4 giant newts
  A kobold (D:1)
  16 rats
81 creatures vanquished.

Notes
Turn   | Place    | Note
--------------------------------------------------------------
     0 | D:1      | Fluffy, the Gargoyle Fighter, began the quest for the Orb.
     0 | D:1      | Reached XP level 1. HP: 14/14 MP: 1/1
   172 | D:1      | Reached XP level 2. HP: 19/19 MP: 2/2
   749 | D:1      | Reached XP level 3. HP: 22/24 MP: 3/3
  1240 | D:2      | Noticed Ijyb
  1562 | D:2      | Found a basalt altar of Yredelemnul.
  1614 | D:2      | Found Gozag's Platinum Reserve.
  1620 | D:2      | Found an opulent altar of Gozag.
  1744 | D:2      | Killed Ijyb
  1744 | D:2      | Reached skill level 4 in Fighting
  1744 | D:2      | Reached XP level 4. HP: 29/29 MP: 4/4
  1984 | D:3      | Noticed an ogre
  1998 | D:3      | Killed an ogre
  1998 | D:3      | Reached XP level 5. HP: 22/34 MP: 5/5
  2280 | D:3      | Noticed Robin
  2331 | D:3      | Killed Robin
  2732 | D:4      | Noticed an ogre
  2738 | D:4      | Noticed Fluffy's ghost (average GrFi)
  2741 | D:3      | Reached XP level 6. HP: 39/39 MP: 6/6
  2988 | D:4      | Slain by an ogre

Action                   |  1- 3 |  4- 6 || total
-------------------------+-------+-------++-------
Melee: Flail             |   115 |       ||   115
       Morningstar       |    10 |   166 ||   176
       Unarmed           |     2 |     8 ||    10
  Use: Scroll            |       |     4 ||     4
 Stab: Confused          |       |     1 ||     1
  Eat: Chunk             |     2 |     5 ||     7
